 Dungeon Crawl Stone Soup version 0.27.1 (webtiles) character file.

Game seed: 6131121196130482056

1285 chaosape the Skirmisher (level 8, -1/67 HPs)
             Began as a Gnoll Wanderer on Sept 4, 2021.
             Slain by a yak (2 damage)
             ... on level 6 of the Dungeon.
             The game lasted 00:19:00 (5202 turns).

chaosape the Skirmisher (Gnoll Wanderer)            Turns: 5202, Time: 00:19:01

Health: -1/67      AC:  8    Str: 13    XL:     8   Next: 55%
Magic:  14/14      EV: 11    Int: 10    God:
Gold:   172        SH:  0    Dex: 14    Spells: 15/15 levels left

rFire    . . .     SeeInvis .   D - +2 broad axe (freeze)
rCold    . . .     Faith    .   (no shield)
rNeg     . . .     Spirit   .   i - +0 ring mail
rPois    .         Reflect  .   o - +0 helmet
rElec    .         Harm     .   (no cloak)
rCorr    .         Rampage  .   (no gloves)
Will     .....                  r - +0 pair of boots
Stlth    +++.......             (no amulet)
HPRegen  0.21/turn              (no ring)
MPRegen  0.14/turn              (no ring)

@: no status effects
A: fangs 1, strong nose, distributed training
a: no special abilities


You were on level 6 of the Dungeon.
You visited 1 branch of the dungeon, and saw 6 of its levels.

You collected 172 gold pieces.

Inventory:

Hand Weapons
 a - a +2 spear
 e - a +0 dagger
 k - a +2 vampiric short sword
 x - a +0 long sword
 D - a +2 broad axe of freezing (weapon)
 F - a +0 shortbow
 J - a +0 flail of draining
Missiles
 b - 23 poisoned darts (quivered)
 h - 52 bolts
 E - 26 arrows
Armour
 d - a +0 robe
 i - a +0 ring mail (worn)
 o - a +0 helmet (worn)
 r - a +0 pair of boots (worn)
 y - a +0 ring mail
 G - the +1 robe "Junasep" {rElec rF+ rC+ Dex-3}
   (You found it on level 6 of the Dungeon)

   Dex:       It affects your dexterity (-3).
   rF:        It protects you from fire.
   rC:        It protects you from cold.
   rElec:     It insulates you from electricity.
Magical Staves
 v - a staff of poison
Wands
 I - a wand of iceblast (9)
Scrolls
 c - 3 scrolls of teleportation
 f - a scroll of enchant armour
 j - 2 scrolls of fear
 m - a scroll of noise
 p - a scroll of silence
 u - a scroll of identify
 H - a scroll of amnesia {unknown}
Potions
 g - a potion of heal wounds {unknown}
 l - 2 potions of attraction
 n - 3 potions of curing {unknown}
 q - 2 potions of brilliance {unknown}
 s - a potion of magic {unknown}
 t - 2 potions of degeneration {unknown}
 w - a potion of flight {unknown}
 z - 2 potions of ambrosia {unknown}
 A - a potion of cancellation {unknown}
 B - a potion of might {unknown}
 C - a potion of mutation {unknown}
 K - a potion of lignification


   Skills:
 + Level 7.4 Fighting
 + Level 3.3 Short Blades
 + Level 3.3 Long Blades
 + Level 3.3 Axes
 + Level 3.3 Maces & Flails
 + Level 3.3 Polearms
 + Level 3.3 Staves
 + Level 3.3 Slings
 + Level 3.3 Bows
 + Level 3.3 Crossbows
 + Level 3.3 Throwing
 + Level 3.3 Armour
 + Level 3.3 Dodging
 + Level 6.9 Stealth
 + Level 3.3 Shields
 + Level 3.3 Unarmed Combat
 + Level 4.4 Spellcasting
 + Level 2.7 Conjurations
 + Level 3.5 Hexes
 + Level 2.7 Summonings
 + Level 2.7 Necromancy
 + Level 2.7 Translocations
 + Level 2.7 Transmutations
 + Level 2.7 Fire Magic
 + Level 3.5 Ice Magic
 + Level 2.7 Air Magic
 + Level 2.7 Earth Magic
 + Level 2.7 Poison Magic
 + Level 3.7 Invocations
 + Level 4.3 Evocations


You had 15 spell levels left.
You didn't know any spells.
Your spell library contained the following spells:

 Spells                   Type           Power      Damage    Failure   Level
 Apportation              Tloc           14%        N/A       16%         1
 Blink                    Tloc           N/A        N/A       24%         2
 Lesser Beckoning         Tloc           3%         N/A       43%         3
 Stone Arrow              Conj/Erth      14%        3d7       43%         3
 Alistair's Intoxication  Tmut/Pois      4%         N/A       99%         5
 Bolt of Magma            Conj/Fire/Erth 3%         4d5       99%         5
 Manifold Assault         Tloc           7%         N/A       99%         5
 Invisibility             Hex            4%         N/A       100%        6
 Shatter                  Erth           3%         3d7*      100%        9


Dungeon Overview and Level Annotations

Branches:
Dungeon (6/15)
 Temple: D:4-7

Altars:
Dithmenos
The Shining One

Annotations:
D:3 1 runed translucent door, Crazy Yiuf


Innate Abilities, Weirdness & Mutations

You have very sharp teeth.
Your uncanny sense of smell can sniff out nearby items.
Your experience applies equally to all skills.


Message History

You kill the hound!
You hit the yak but do no damage. You bite the yak, but do no damage.
The yak gores you! x2
You barely miss the yak. You punch the yak, but do no damage.
The yak gores you!
You are too injured to fight recklessly!
You are too injured to fight recklessly!
You are too injured to fight recklessly!
You are too injured to fight recklessly!
You are too injured to fight recklessly!
You are too injured to fight recklessly!
You are too injured to fight recklessly!
You slash the yak! You freeze the yak. You bite the yak, but do no damage.
The yak is moderately wounded.
The yak gores you.
You hit the yak but do no damage.
The yak is moderately wounded.
The yak barely misses you. The yak gores you.
You barely miss the yak.
The yak is moderately wounded.
The yak misses you.
You hit the yak but do no damage.
The yak is moderately wounded.
The yak barely misses you. The yak misses you.
You hit the yak but do no damage.
The yak is moderately wounded.
The yak closely misses you.
You hit the yak. You freeze the yak.
The yak is moderately wounded.
The yak gores you!
* * * LOW HITPOINT WARNING * * *
You closely miss the yak.
The yak is moderately wounded.
The yak gores you!
* * * LOW HITPOINT WARNING * * *
The yak closely misses you.
You barely miss the yak.
The yak is moderately wounded.
The yak gores you.
You die...

### #.. #Y# # ### #Y# ###
##.##### #Y#
..###..##..### #Y#
....#........# #@#
.......[)....# #.#
...)....#...####.# ∆
.......##....##..#∆
........#....#...#
...........)....#########
.......##.###..##.......##
..........###..#.........#
...........#..#.#..#.....#


You could see 4 yaks.

Vanquished Creatures
  Sigmund (D:2)
  A yak (D:6)
  3 black bears
  A phantom (D:6)
  A centaur (D:6)
  A bullfrog (D:6)
  A scorpion (D:5)
  A centaur zombie (D:5)
  An orc priest (D:5)
  2 hounds (D:6)
  A centaur skeleton (D:5)
  Jessica (D:2)
  An orc wizard (D:5)
  Natasha (twice) (D:2)
  6 adders
  A howler monkey skeleton (D:6)
  A shadow imp (D:5)
  An ufetubus (D:5)
  4 worms
  4 dart slugs
  5 orcs
  3 endoplasms
  2 goblins (D:1)
  8 hobgoblins
  13 jackals
  3 quokkas
  9 ball pythons
  2 bats
  2 frilled lizards (D:1)
  6 kobolds
  8 rats
96 creatures vanquished.

Notes
Turn   | Place    | Note
-------+----------+-------------------------------------------
     0 | D:1      | chaosape the Gnoll Wanderer began the quest for the Orb.
     0 | D:1      | chaosape set off with the following items: a +2 spear, a
                  | potion of lignification, a scroll of teleportation, a +0
                  | robe, a +0 dagger
     0 | D:1      | Reached XP level 1. HP: 23/23 MP: 4/4
   205 | D:1      | Reached XP level 2. HP: 28/29 MP: 5/5
   761 | D:1      | Reached XP level 3. HP: 33/35 MP: 7/7
  1148 | D:2      | Reached skill level 1 in Invocations
  1541 | D:2      | Noticed Natasha
  1546 | D:2      | Killed Natasha
  1547 | D:2      | Reached skill level 1 in Short Blades
  1547 | D:2      | Reached skill level 1 in Long Blades
  1547 | D:2      | Reached skill level 1 in Axes
  1547 | D:2      | Reached skill level 1 in Maces & Flails
  1547 | D:2      | Reached skill level 1 in Polearms
  1547 | D:2      | Reached skill level 1 in Staves
  1547 | D:2      | Reached skill level 1 in Slings
  1547 | D:2      | Reached skill level 1 in Bows
  1547 | D:2      | Reached skill level 1 in Crossbows
  1547 | D:2      | Reached skill level 1 in Throwing
  1547 | D:2      | Reached skill level 1 in Armour
  1547 | D:2      | Reached skill level 1 in Dodging
  1547 | D:2      | Reached skill level 1 in Shields
  1547 | D:2      | Reached skill level 1 in Unarmed Combat
  1547 | D:2      | Reached XP level 4. HP: 41/41 MP: 8/8
  1625 | D:2      | Noticed Natasha
  1635 | D:2      | Killed Natasha
  1636 | D:2      | Reached skill level 1 in Conjurations
  1636 | D:2      | Reached skill level 1 in Summonings
  1636 | D:2      | Reached skill level 1 in Necromancy
  1636 | D:2      | Reached skill level 1 in Translocations
  1636 | D:2      | Reached skill level 1 in Transmutations
  1636 | D:2      | Reached skill level 1 in Fire Magic
  1636 | D:2      | Reached skill level 1 in Air Magic
  1636 | D:2      | Reached skill level 1 in Earth Magic
  1636 | D:2      | Reached skill level 1 in Poison Magic
  1926 | D:2      | Noticed Jessica
  1952 | D:2      | Reached XP level 5. HP: 34/47 MP: 9/9
  1966 | D:2      | Killed Jessica
  2077 | D:2      | Noticed Sigmund
  2103 | D:2      | Killed Sigmund
  2104 | D:2      | Reached XP level 6. HP: 41/53 MP: 9/11
  2358 | D:3      | Found a runed translucent door.
  2359 | D:3      | Noticed Crazy Yiuf
  2614 | D:4      | Found a glowing golden altar of the Shining One.
  2651 | D:4      | Found a shadowy altar of Dithmenos.
  2654 | D:4      | Noticed a black bear
  2676 | D:4      | Killed a black bear
  3121 | D:4      | Noticed a black bear
  3125 | D:4      | Killed a black bear
  3126 | D:4      | Reached skill level 7 in Fighting
  3126 | D:4      | Reached XP level 7. HP: 60/60 MP: 12/12
  3681 | D:5      | Entered Level 5 of the Dungeon
  4537 | D:6      | Reached XP level 8. HP: 38/67 MP: 14/14
  4909 | D:6      | Identified the +1 robe "Junasep" {rElec rF+ rC+ Dex-3}
  5184 | D:6      | Noticed a yak
  5185 | D:6      | Noticed a yak
  5185 | D:6      | Noticed a yak
  5189 | D:6      | Noticed a yak
  5190 | D:6      | Noticed a yak
  5191 | D:6      | Killed a yak
  5201 | D:6      | HP: 1/67 [yak (9)]
  5202 | D:6      | Slain by a yak

Illustrated notes

Levels and vault maps discovered:
D:1:      matt_arrival_refuge, layout_basic, minmay_tall_x
D:2:      layout_loops_ring, uniq_jessica, uniq_sigmund, uniq_natasha
D:3:      lemuel_castle_with_subvaults [lemuel_castle_interior_carwin_2],
          layout_basic, hellmonk_ecumenical_altar_run_dry,
          uniq_crazy_yiuf_cottage
D:4:      layout_loops_corners, mainiacjoe_overflow_large_starburst
D:5:      layout_loops_cross, serial_park_tiny_pond
D:6:      kennysheep_slugbush, layout_cave_pools, gup_sewer_entry_bubbles,
          lightli_orcish_oven

Skill      XL: |  1  2  3  4  5  6  7  8 |
---------------+-------------------------+-----
Hexes          | 2 3 |  3.5
Ice Magic      | 2 3 |  3.5
Stealth        | 6 |  6.9
Invocations    | 1 2 3 |  3.7
Short Blades   | 1 2 3 |  3.3
Long Blades    | 1 2 3 |  3.3
Axes           | 1 2 3 |  3.3
Maces & Flails | 1 2 3 |  3.3
Polearms       | 1 2 3 |  3.3
Staves         | 1 2 3 |  3.3
Slings         | 1 2 3 |  3.3
Bows           | 1 2 3 |  3.3
Crossbows      | 1 2 3 |  3.3
Throwing       | 1 2 3 |  3.3
Armour         | 1 2 3 |  3.3
Dodging        | 1 2 3 |  3.3
Shields        | 1 2 3 |  3.3
Unarmed Combat | 1 2 3 |  3.3
Spellcasting   | 3 4 |  4.4
Conjurations   | 1 2 |  2.7
Summonings     | 1 2 |  2.7
Necromancy     | 1 2 |  2.7
Translocations | 1 2 |  2.7
Transmutations | 1 2 |  2.7
Fire Magic     | 1 2 |  2.7
Air Magic      | 1 2 |  2.7
Earth Magic    | 1 2 |  2.7
Poison Magic   | 1 2 |  2.7
Evocations     | 3 4 |  4.3
Fighting       | 7 |  7.4

Action                   |  1- 3 |  4- 6 |  7- 9 || total
-------------------------+-------+-------+-------++-------
Melee: Spear             |    47 |       |       ||    47
       Short sword       |    74 |   132 |    50 ||   256
       Bite              |     8 |    19 |    10 ||    37
       Broad axe         |       |       |    69 ||    69
       Punch             |       |       |     2 ||     2
  Use: Potion            |     1 |       |     1 ||     2
       Scroll            |     1 |     4 |       ||     5
 Stab: Sleeping          |     9 |     1 |     6 ||    16
       Distracted        |       |     1 |       ||     1
Armor: Ring mail         |    41 |    53 |    63 ||   157
       Skin              |    13 |       |    13 ||    26
       Robe              |     6 |       |       ||     6
Dodge: Dodged            |    93 |    72 |    84 ||   249
